Connexion

Rampage vs Roadrunners

Created - 23 novembre 2023 at 05:50

Goals
1 2 3 T
Rampage 0 1 0 1
Roadrunners 3 2 2 7
Shots
1 2 3 T
Rampage 8 7 11 26
Roadrunners 17 17 12 46

GoalsPenalties
1st period
1. Roadrunners , Aleksi Saarela 14 (Roland McKeown 9, Anthony Greco 16) at 11:23
2. Roadrunners , Justin Kirkland 9 (Noah Juulsen 7) at 12:22
3. Roadrunners , Justin Kirkland 10 (Adam Erne 5) at 19:20
Erik Gudbranson (SAN) for Interference (Minor) at 2:11
Erik Gudbranson (SAN) for Goalie Interference (Minor) at 7:43
Gabriel Dumont (TUC) for Hooking (Minor) at 17:11
2nd period
4. Roadrunners , Aleksi Saarela 15 (Brad Hunt 29) at 6:18
5. Rampage , Matt Martin 10 (Curtis McKenzie 14, Robert Hagg 29) at 10:18 (PP)
6. Roadrunners , Drake Caggiula 16 (Anthony Greco 17, Brad Hunt 30) at 16:54 (PP)
Drake Caggiula (TUC) for Hooking (Minor) at 9:06
Nick Holden (SAN) for Hooking (Minor) at 16:00
Michael Sgarbossa (SAN) for Hooking (Minor) at 18:41
3rd period
7. Roadrunners , Roland McKeown 3 (Anthony Greco 18, Drake Caggiula 21) at 6:57
8. Roadrunners , Nic Dowd 9 (Gabriel Dumont 17, Scott Wilson 23) at 18:54 (PP)
Noah Juulsen (TUC) for Hooking (Minor) at 7:35
Matt Martin (SAN) for Hooking (Minor) at 17:37
Goalie Stats
Adam Werner (SAN), 39 saves from 46 shots - (0,848), L, 12-15-3, 60:00 minutes
Calvin Pickard (TUC), 25 saves from 26 shots - (0,962), W, 13-14-2, 60:00 minutes
3 StarsOfficial
1 - Aleksi Saarela (TUC)
2 - Justin Kirkland (TUC)
3 - Roland McKeown (TUC)
Referees : Chris Rooney and Brad Meier
Linesman : Mark Wheler and Scott Cherrey
Game Note
Erik Gudbranson is injured at 11:28 of 1st period (Sports Hernia)
Finance
Level 1 -- Attendance: 1745 (87,25%) -- Ticket Income 57 585 $
Level 2 -- Attendance: 1000 (100,00%) -- Ticket Income 19 000 $
Total Attendance: 2745 (91,50%)
Total Ticket Income: 76 585 $
Other Income: 15 317 $
Total Income: 91 902 $



Team Name Goals Shots Shots Attemp Shots Blocked PIM HIT PP PK FO%
Rampage 12652910231 / 3 (33%)264%
Roadrunners 74683116222 / 5 (40%)136%

Rampage
Player Name POS G A P +/- PIM HIT SHT SB MP PP MP PP SHT PK MP PK SHT FO% FOT
Curtis McKenzieLW011-3011121:242:3702:020100% 1
Dmytro TimashovLW000000005:340:0000:1800% 0
Eric CornelC/RW000000107:140:0000:36060% 10
Erik Gudbranson D000040002:340:0000:0000% 0
Hudson FaschingRW000-1012021:132:3305:17075% 4
Jayson MegnaRW000-1004011:180:0000:000100% 2
Joey AndersonRW000-3015024:522:3715:30040% 15
Johnny KovacevicD0000041420:482:0800:2800% 0
Joseph LabateLW000-1052015:562:3300:000100% 1
Josh BrownD000-4012026:152:5614:2700% 0
Josh LeivoRW000000105:160:0000:0000% 0
Matt MartinC/LW/RW101-3241021:112:3711:50059% 32
Michael SgarbossaC000-1201016:072:3310:12067% 21
Nick HoldenD000-1212322:372:1413:0500% 0
Nick RitchieLW000-1010012:250:0001:070100% 2
Robert HaggD011-4032125:272:5614:3600% 0
Sam CarrickC000-1000011:180:0000:00079% 14
Steven KampferD000-1011020:180:0603:0400% 0
Roadrunners
Player Name POS G A P +/- PIM HIT SHT SB MP PP MP PP SHT PK MP PK SHT FO% FOT
Adam ErneLW/RW0112011013:400:0000:0000% 1
Aleksi SaarelaC/LW2023018121:433:3313:43035% 31
Anthony GrecoLW/RW0333005025:123:3333:43129% 14
Brad HuntD0221022224:113:2823:1600% 0
Drake CaggiulaC/LW/RW1123229019:203:3331:210100% 2
Gabriel DumontC/RW0110262019:404:3500:00050% 2
Justin KirklandC/LW/RW2022013013:400:0000:00042% 12
Kevin RoyLW/RW0002000013:460:0000:0600% 3
Kole LindRW000000103:290:0000:0000% 0
Lane PedersonC000000000:000:0000:0000% 0
Mac HollowellD0001020124:113:2803:1600% 0
Morgan BarronC/LW000001003:290:0000:00013% 8
Nic DowdC/RW1010029121:084:3531:27046% 28
Nicolas HagueD0002021222:044:4011:5400% 0
Noah JuulsenD0112200113:440:0000:0000% 0
Roland McKeownD1122023122:044:4021:5400% 0
Scott WilsonC/LW0110002019:414:3500:0000% 1
Taylor FedunD0002000213:450:0000:0000% 0



Play-by-Play

1st period


0:01 of 1st period - Aleksi Saarela wins face-off versus Matt Martin in neutral zone.
0:01 of 1st period - Aleksi Saarela is hit by Matt Martin.
0:08 of 1st period - Icing by Robert Hagg.
0:09 of 1st period - Matt Martin wins face-off versus Scott Wilson in Rampage zone.
0:09 of 1st period - Matt Martin is hit by Gabriel Dumont.
0:12 of 1st period - Icing by Robert Hagg.
0:13 of 1st period - Matt Martin wins face-off versus Justin Kirkland in Rampage zone.
1:02 of 1st period - Off-side.
1:03 of 1st period - Michael Sgarbossa wins face-off versus Aleksi Saarela in neutral zone.
2:11 of 1st period - Minor Penalty to Erik Gudbranson for Interference.
2:12 of 1st period - Nic Dowd wins face-off versus Joey Anderson in Rampage zone.
2:36 of 1st period - Icing by Roland McKeown.
2:37 of 1st period - Nic Dowd wins face-off versus Matt Martin in Roadrunners zone.
2:41 of 1st period - Icing by Nic Dowd.
2:42 of 1st period - Joey Anderson wins face-off versus Nic Dowd in Roadrunners zone.
2:42 of 1st period - Joey Anderson is hit by Nicolas Hague.
2:47 of 1st period - Joey Anderson is hit by Roland McKeown and loses puck.
3:32 of 1st period - Shot by Anthony Greco.
3:32 of 1st period - Stopped by Adam Werner with a rebound.
3:34 of 1st period - Shot by Mac Hollowell.
3:34 of 1st period - Deflect By Drake Caggiula.
3:34 of 1st period - Stopped by Adam Werner without a rebound.
3:35 of 1st period - Joey Anderson wins face-off versus Nic Dowd in Rampage zone.
3:35 of 1st period - Joey Anderson is hit by Nic Dowd.
4:47 of 1st period - Kole Lind is hit by Johnny Kovacevic and loses puck.
4:57 of 1st period - Off-side.
4:58 of 1st period - Matt Martin wins face-off versus Justin Kirkland in neutral zone.
5:01 of 1st period - Justin Kirkland is hit by Matt Martin and loses puck.
5:08 of 1st period - Shot by Adam Erne.
5:08 of 1st period - Deflect By Justin Kirkland.
5:08 of 1st period - Stopped by Adam Werner without a rebound.
5:09 of 1st period - Eric Cornel wins face-off versus Justin Kirkland in Rampage zone.
5:32 of 1st period - Shot by Dmytro Timashov.
5:32 of 1st period - Shot Misses the Net.
6:06 of 1st period - Shot by Robert Hagg.
6:06 of 1st period - Stopped by Calvin Pickard without a rebound.
6:07 of 1st period - Drake Caggiula wins face-off versus Hudson Fasching in Roadrunners zone.
6:09 of 1st period - Icing by Aleksi Saarela.
6:10 of 1st period - Aleksi Saarela wins face-off versus Matt Martin in Roadrunners zone.
6:23 of 1st period - Shot by Aleksi Saarela.
6:23 of 1st period - Deflect By Drake Caggiula.
6:23 of 1st period - Stopped by Adam Werner without a rebound.
6:24 of 1st period - Nic Dowd wins face-off versus Michael Sgarbossa in Rampage zone.
6:24 of 1st period - Nic Dowd is hit by Johnny Kovacevic.
7:04 of 1st period - Off-side.
7:05 of 1st period - Anthony Greco wins face-off versus Joey Anderson in neutral zone.
7:05 of 1st period - Drake Caggiula is hit by Matt Martin and loses puck.
7:14 of 1st period - Shot by Drake Caggiula.
7:14 of 1st period - Shot Hit the Post.
7:16 of 1st period - Shot by Anthony Greco.
7:16 of 1st period - Shot Misses the Net.
7:20 of 1st period - Shot by Aleksi Saarela.
7:20 of 1st period - Stopped by Adam Werner without a rebound.
7:21 of 1st period - Justin Kirkland wins face-off versus Sam Carrick in Rampage zone.
7:42 of 1st period - Shot by Adam Erne.
7:42 of 1st period - Shot Misses the Net.
7:43 of 1st period - Minor Penalty to Erik Gudbranson for Goalie Interference.
7:44 of 1st period - Joey Anderson wins face-off versus Aleksi Saarela in Rampage zone.
8:07 of 1st period - Shot by Roland McKeown.
8:07 of 1st period - Stopped by Adam Werner without a rebound.
8:08 of 1st period - Hudson Fasching wins face-off versus Nic Dowd in Rampage zone.
8:08 of 1st period - Joey Anderson is hit by Gabriel Dumont and loses puck.
8:17 of 1st period - Shot by Gabriel Dumont.
8:17 of 1st period - Shot Hit the Post.
8:19 of 1st period - Shot by Mac Hollowell.
8:19 of 1st period - Shot Misses the Net.
8:31 of 1st period - Shot by Scott Wilson.
8:31 of 1st period - Shot Blocked by Nick Holden.
8:33 of 1st period - Shot by Brad Hunt.
8:33 of 1st period - Deflect By Nic Dowd.
8:33 of 1st period - Stopped by Adam Werner without a rebound.
8:34 of 1st period - Curtis McKenzie wins face-off versus Aleksi Saarela in Rampage zone.
8:47 of 1st period - Shot by Nicolas Hague.
8:47 of 1st period - Stopped by Adam Werner with a rebound.
8:49 of 1st period - Shot by Drake Caggiula.
8:49 of 1st period - Deflect By Aleksi Saarela.
8:49 of 1st period - Shot Misses the Net.
8:51 of 1st period - Shot by Roland McKeown.
8:51 of 1st period - Shot Misses the Net.
8:53 of 1st period - Shot by Nicolas Hague.
8:53 of 1st period - Shot Misses the Net.
8:55 of 1st period - Shot by Anthony Greco.
8:55 of 1st period - Stopped by Adam Werner without a rebound.
8:56 of 1st period - Nic Dowd wins face-off versus Joey Anderson in Rampage zone.
9:21 of 1st period - Shot by Scott Wilson.
9:21 of 1st period - Shot Misses the Net.
9:23 of 1st period - Shot by Nic Dowd.
9:23 of 1st period - Stopped by Adam Werner without a rebound.
9:24 of 1st period - Aleksi Saarela wins face-off versus Matt Martin in Rampage zone.
9:37 of 1st period - Shot by Drake Caggiula.
9:37 of 1st period - Shot Misses the Net.
9:51 of 1st period - Shot by Sam Carrick.
9:51 of 1st period - Shot Blocked by Taylor Fedun.
9:53 of 1st period - Shot by Nick Holden.
9:53 of 1st period - Stopped by Calvin Pickard without a rebound.
9:54 of 1st period - Nic Dowd wins face-off versus Eric Cornel in Roadrunners zone.
10:03 of 1st period - Shot by Gabriel Dumont.
10:03 of 1st period - Shot Blocked by Johnny Kovacevic.
10:46 of 1st period - Nic Dowd is hit by Curtis McKenzie and loses puck.
10:53 of 1st period - Joey Anderson is hit by Nic Dowd and loses puck.
11:01 of 1st period - Icing by Matt Martin.
11:02 of 1st period - Matt Martin wins face-off versus Aleksi Saarela in Rampage zone.
11:23 of 1st period - Shot by Aleksi Saarela.
11:23 of 1st period - Goal by Aleksi Saarela - Rampage : 0 - Roadrunners : 1.
11:24 of 1st period - Justin Kirkland wins face-off versus Michael Sgarbossa in neutral zone.
11:27 of 1st period - Erik Gudbranson is hit by Adam Erne.
11:28 of 1st period - Erik Gudbranson from Rampage is injured at 11:28 of 1st period (Sports Hernia).
11:29 of 1st period - Michael Sgarbossa wins face-off versus Aleksi Saarela in Rampage zone.
11:46 of 1st period - Shot by Anthony Greco.
11:46 of 1st period - Stopped by Adam Werner with a rebound.
11:48 of 1st period - Shot by Roland McKeown.
11:48 of 1st period - Shot Blocked by Johnny Kovacevic.
11:50 of 1st period - Shot by Drake Caggiula.
11:50 of 1st period - Deflect By Aleksi Saarela.
11:50 of 1st period - Shot Misses the Net.
11:52 of 1st period - Shot by Nicolas Hague.
11:52 of 1st period - Shot Misses the Net.
11:54 of 1st period - Shot by Drake Caggiula.
11:54 of 1st period - Stopped by Adam Werner without a rebound.
11:55 of 1st period - Justin Kirkland wins face-off versus Matt Martin in Rampage zone.
11:55 of 1st period - Justin Kirkland is hit by Robert Hagg.
11:59 of 1st period - Shot by Justin Kirkland.
11:59 of 1st period - Shot Misses the Net.
12:22 of 1st period - Shot by Justin Kirkland.
12:22 of 1st period - Goal by Justin Kirkland - Rampage : 0 - Roadrunners : 2.
12:23 of 1st period - Michael Sgarbossa wins face-off versus Aleksi Saarela in neutral zone.
13:24 of 1st period - Icing by Jayson Megna.
13:25 of 1st period - Nic Dowd wins face-off versus Sam Carrick in Rampage zone.
13:53 of 1st period - Scott Wilson is hit by Robert Hagg and loses puck.
15:28 of 1st period - Shot by Hudson Fasching.
15:28 of 1st period - Shot Misses the Net.
15:42 of 1st period - Shot by Drake Caggiula.
15:42 of 1st period - Stopped by Adam Werner without a rebound.
15:43 of 1st period - Sam Carrick wins face-off versus Nic Dowd in Rampage zone.
15:43 of 1st period - Sam Carrick is hit by Gabriel Dumont.
16:12 of 1st period - Shot by Eric Cornel.
16:12 of 1st period - Stopped by Calvin Pickard without a rebound.
16:13 of 1st period - Eric Cornel wins face-off versus Aleksi Saarela in Roadrunners zone.
16:14 of 1st period - Shot by Josh Leivo.
16:14 of 1st period - Stopped by Calvin Pickard without a rebound.
16:15 of 1st period - Michael Sgarbossa wins face-off versus Aleksi Saarela in Roadrunners zone.
16:24 of 1st period - Shot by Michael Sgarbossa.
16:24 of 1st period - Deflect By Joseph Labate.
16:24 of 1st period - Shot Blocked by Brad Hunt.
16:30 of 1st period - Shot by Joseph Labate.
16:30 of 1st period - Shot Blocked by Brad Hunt.
16:34 of 1st period - Shot by Hudson Fasching.
16:34 of 1st period - Shot Misses the Net.
16:36 of 1st period - Shot by Johnny Kovacevic.
16:36 of 1st period - Deflect By Hudson Fasching.
16:36 of 1st period - Shot Blocked by Aleksi Saarela.
16:38 of 1st period - Shot by Joseph Labate.
16:38 of 1st period - Stopped by Calvin Pickard without a rebound.
16:39 of 1st period - Nic Dowd wins face-off versus Matt Martin in Roadrunners zone.
16:51 of 1st period - Joey Anderson is hit by Nicolas Hague and loses puck.
17:11 of 1st period - Minor Penalty to Gabriel Dumont for Hooking.
17:12 of 1st period - Hudson Fasching wins face-off versus Anthony Greco in Roadrunners zone.
18:13 of 1st period - Shot by Joey Anderson.
18:13 of 1st period - Shot Misses the Net.
18:15 of 1st period - Shot by Josh Brown.
18:15 of 1st period - Stopped by Calvin Pickard without a rebound.
18:16 of 1st period - Matt Martin wins face-off versus Anthony Greco in Roadrunners zone.
18:21 of 1st period - Shot by Joey Anderson.
18:21 of 1st period - Stopped by Calvin Pickard without a rebound.
18:22 of 1st period - Hudson Fasching wins face-off versus Anthony Greco in Roadrunners zone.
18:25 of 1st period - Shot by Robert Hagg.
18:25 of 1st period - Stopped by Calvin Pickard with a rebound.
19:20 of 1st period - Shot by Justin Kirkland.
19:20 of 1st period - Goal by Justin Kirkland - Rampage : 0 - Roadrunners : 3.
19:21 of 1st period - Eric Cornel wins face-off versus Gabriel Dumont in neutral zone.
19:36 of 1st period - Shot by Nic Dowd.
19:36 of 1st period - Shot Blocked by Johnny Kovacevic.
19:38 of 1st period - Shot by Nic Dowd.
19:38 of 1st period - Stopped by Adam Werner without a rebound.
19:39 of 1st period - Justin Kirkland wins face-off versus Matt Martin in Rampage zone.
19:46 of 1st period - Shot by Adam Erne.
19:46 of 1st period - Shot Misses the Net.
Goals for this period are 0 for Rampage vs 3 for Roadrunners.
Shots for this period are 8 for Rampage vs 17 for Roadrunners.

2nd period


0:01 of 2nd period - Aleksi Saarela wins face-off versus Joey Anderson in neutral zone.
0:01 of 2nd period - Drake Caggiula is hit by Joey Anderson and loses puck.
0:08 of 2nd period - Icing by Mac Hollowell.
0:09 of 2nd period - Matt Martin wins face-off versus Anthony Greco in Roadrunners zone.
0:20 of 2nd period - Shot by Aleksi Saarela.
0:20 of 2nd period - Shot Misses the Net.
0:26 of 2nd period - Shot by Drake Caggiula.
0:26 of 2nd period - Stopped by Adam Werner without a rebound.
0:27 of 2nd period - Michael Sgarbossa wins face-off versus Nic Dowd in Rampage zone.
1:22 of 2nd period - Aleksi Saarela is hit by Johnny Kovacevic and loses puck.
1:29 of 2nd period - Mac Hollowell is hit by Joseph Labate and loses puck.
2:00 of 2nd period - Shot by Curtis McKenzie.
2:00 of 2nd period - Shot Misses the Net.
3:10 of 2nd period - Sam Carrick is hit by Gabriel Dumont and loses puck.
4:52 of 2nd period - Shot by Hudson Fasching.
4:52 of 2nd period - Shot Misses the Net.
5:06 of 2nd period - Off-side.
5:07 of 2nd period - Matt Martin wins face-off versus Nic Dowd in neutral zone.
5:38 of 2nd period - Shot by Scott Wilson.
5:38 of 2nd period - Stopped by Adam Werner with a rebound.
5:40 of 2nd period - Shot by Nic Dowd.
5:40 of 2nd period - Shot Misses the Net.
5:42 of 2nd period - Shot by Gabriel Dumont.
5:42 of 2nd period - Stopped by Adam Werner without a rebound.
5:43 of 2nd period - Aleksi Saarela wins face-off versus Michael Sgarbossa in Rampage zone.
6:18 of 2nd period - Shot by Aleksi Saarela.
6:18 of 2nd period - Goal by Aleksi Saarela - Rampage : 0 - Roadrunners : 4.
6:19 of 2nd period - Justin Kirkland wins face-off versus Sam Carrick in neutral zone.
7:31 of 2nd period - Shot by Scott Wilson.
7:31 of 2nd period - Deflect By Nic Dowd.
7:31 of 2nd period - Shot Misses the Net.
7:33 of 2nd period - Shot by Nic Dowd.
7:33 of 2nd period - Stopped by Adam Werner with a rebound.
7:35 of 2nd period - Shot by Nic Dowd.
7:35 of 2nd period - Shot Misses the Net.
7:37 of 2nd period - Shot by Nic Dowd.
7:37 of 2nd period - Stopped by Adam Werner without a rebound.
7:38 of 2nd period - Aleksi Saarela wins face-off versus Michael Sgarbossa in Rampage zone.
7:38 of 2nd period - Aleksi Saarela is hit by Steven Kampfer.
7:48 of 2nd period - Shot by Drake Caggiula.
7:48 of 2nd period - Shot Blocked by Johnny Kovacevic.
7:50 of 2nd period - Shot by Aleksi Saarela.
7:50 of 2nd period - Stopped by Adam Werner without a rebound.
7:51 of 2nd period - Sam Carrick wins face-off versus Morgan Barron in Rampage zone.
8:03 of 2nd period - Icing by Johnny Kovacevic.
8:04 of 2nd period - Sam Carrick wins face-off versus Nic Dowd in Rampage zone.
8:20 of 2nd period - Shot by Nic Dowd.
8:20 of 2nd period - Stopped by Adam Werner without a rebound.
8:21 of 2nd period - Matt Martin wins face-off versus Aleksi Saarela in Rampage zone.
8:28 of 2nd period - Shot by Curtis McKenzie.
8:28 of 2nd period - Stopped by Calvin Pickard without a rebound.
8:29 of 2nd period - Matt Martin wins face-off versus Aleksi Saarela in Roadrunners zone.
8:37 of 2nd period - Icing by Nicolas Hague.
8:38 of 2nd period - Michael Sgarbossa wins face-off versus Aleksi Saarela in Roadrunners zone.
9:01 of 2nd period - Shot by Joseph Labate.
9:01 of 2nd period - Shot Blocked by Roland McKeown.
9:06 of 2nd period - Minor Penalty to Drake Caggiula for Hooking.
9:07 of 2nd period - Anthony Greco wins face-off versus Matt Martin in Roadrunners zone.
9:28 of 2nd period - Shot by Anthony Greco.
9:28 of 2nd period - Stopped by Adam Werner without a rebound.
9:29 of 2nd period - Michael Sgarbossa wins face-off versus Anthony Greco in Rampage zone.
9:42 of 2nd period - Shot by Nick Holden.
9:42 of 2nd period - Stopped by Calvin Pickard without a rebound.
9:43 of 2nd period - Matt Martin wins face-off versus Kevin Roy in Roadrunners zone.
10:18 of 2nd period - Shot by Matt Martin.
10:18 of 2nd period - Goal by Matt Martin - Rampage : 1 - Roadrunners : 4.
10:19 of 2nd period - Gabriel Dumont wins face-off versus Michael Sgarbossa in neutral zone.
10:25 of 2nd period - Nicolas Hague is hit by Joseph Labate and loses puck.
10:30 of 2nd period - Shot by Joseph Labate.
10:30 of 2nd period - Shot Blocked by Nicolas Hague.
10:34 of 2nd period - Shot by Hudson Fasching.
10:34 of 2nd period - Shot Blocked by Nicolas Hague.
11:11 of 2nd period - Icing by Gabriel Dumont.
11:12 of 2nd period - Nic Dowd wins face-off versus Matt Martin in Roadrunners zone.
11:54 of 2nd period - Shot by Adam Erne.
11:54 of 2nd period - Stopped by Adam Werner without a rebound.
11:55 of 2nd period - Sam Carrick wins face-off versus Anthony Greco in Rampage zone.
12:08 of 2nd period - Shot by Jayson Megna.
12:08 of 2nd period - Stopped by Calvin Pickard without a rebound.
12:09 of 2nd period - Michael Sgarbossa wins face-off versus Morgan Barron in Roadrunners zone.
12:11 of 2nd period - Joseph Labate is hit by Brad Hunt and loses puck.
12:15 of 2nd period - Icing by Brad Hunt.
12:16 of 2nd period - Morgan Barron wins face-off versus Michael Sgarbossa in Roadrunners zone.
12:27 of 2nd period - Anthony Greco is hit by Robert Hagg and loses puck.
12:32 of 2nd period - Shot by Kole Lind.
12:32 of 2nd period - Stopped by Adam Werner without a rebound.
12:33 of 2nd period - Nic Dowd wins face-off versus Joey Anderson in Rampage zone.
12:35 of 2nd period - Scott Wilson is hit by Johnny Kovacevic and loses puck.
12:44 of 2nd period - Shot by Nic Dowd.
12:44 of 2nd period - Shot Misses the Net.
12:46 of 2nd period - Shot by Roland McKeown.
12:46 of 2nd period - Shot Blocked by Nick Holden.
12:48 of 2nd period - Shot by Scott Wilson.
12:48 of 2nd period - Stopped by Adam Werner without a rebound.
12:49 of 2nd period - Michael Sgarbossa wins face-off versus Aleksi Saarela in Rampage zone.
12:49 of 2nd period - Michael Sgarbossa is hit by Drake Caggiula.
12:55 of 2nd period - Mac Hollowell is hit by Hudson Fasching and loses puck.
13:00 of 2nd period - Shot by Hudson Fasching.
13:00 of 2nd period - Stopped by Calvin Pickard with a rebound.
13:14 of 2nd period - Aleksi Saarela is hit by Joseph Labate.
13:15 of 2nd period - Icing by Aleksi Saarela.
13:16 of 2nd period - Matt Martin wins face-off versus Anthony Greco in Roadrunners zone.
13:17 of 2nd period - Shot by Curtis McKenzie.
13:17 of 2nd period - Shot Misses the Net.
13:19 of 2nd period - Shot by Johnny Kovacevic.
13:19 of 2nd period - Shot Misses the Net.
14:30 of 2nd period - Shot by Nic Dowd.
14:30 of 2nd period - Stopped by Adam Werner with a rebound.
14:32 of 2nd period - Shot by Gabriel Dumont.
14:32 of 2nd period - Shot Blocked by Curtis McKenzie.
14:44 of 2nd period - Steven Kampfer is hit by Gabriel Dumont and loses puck.
15:39 of 2nd period - Off-side.
15:40 of 2nd period - Jayson Megna wins face-off versus Morgan Barron in neutral zone.
16:00 of 2nd period - Minor Penalty to Nick Holden for Hooking.
16:01 of 2nd period - Nick Ritchie wins face-off versus Nic Dowd in Rampage zone.
16:54 of 2nd period - Shot by Anthony Greco.
16:54 of 2nd period - Deflect By Drake Caggiula.
16:54 of 2nd period - Goal by Drake Caggiula - Rampage : 1 - Roadrunners : 5.
16:55 of 2nd period - Sam Carrick wins face-off versus Aleksi Saarela in neutral zone.
16:55 of 2nd period - Sam Carrick is hit by Drake Caggiula.
17:15 of 2nd period - Taylor Fedun is hit by Nick Holden and loses puck.
17:24 of 2nd period - Shot by Anthony Greco.
17:24 of 2nd period - Shot Blocked by Nick Holden.
17:31 of 2nd period - Icing by Steven Kampfer.
17:32 of 2nd period - Sam Carrick wins face-off versus Justin Kirkland in Rampage zone.
17:42 of 2nd period - Off-side.
17:43 of 2nd period - Matt Martin wins face-off versus Nic Dowd in neutral zone.
17:53 of 2nd period - Icing by Brad Hunt.
17:54 of 2nd period - Michael Sgarbossa wins face-off versus Nic Dowd in Roadrunners zone.
17:54 of 2nd period - Joseph Labate is hit by Brad Hunt and loses puck.
17:57 of 2nd period - Shot by Josh Brown.
17:57 of 2nd period - Stopped by Calvin Pickard without a rebound.
17:58 of 2nd period - Matt Martin wins face-off versus Aleksi Saarela in Roadrunners zone.
18:01 of 2nd period - Shot by Joey Anderson.
18:01 of 2nd period - Stopped by Calvin Pickard without a rebound.
18:02 of 2nd period - Drake Caggiula wins face-off versus Matt Martin in Roadrunners zone.
18:34 of 2nd period - Icing by Aleksi Saarela.
18:35 of 2nd period - Aleksi Saarela wins face-off versus Michael Sgarbossa in Roadrunners zone.
18:35 of 2nd period - Aleksi Saarela is hit by Joseph Labate.
18:38 of 2nd period - Icing by Mac Hollowell.
18:39 of 2nd period - Joseph Labate wins face-off versus Aleksi Saarela in Roadrunners zone.
18:41 of 2nd period - Minor Penalty to Michael Sgarbossa for Hooking.
18:42 of 2nd period - Nic Dowd wins face-off versus Joey Anderson in Rampage zone.
19:31 of 2nd period - Shot by Aleksi Saarela.
19:31 of 2nd period - Stopped by Adam Werner without a rebound.
19:32 of 2nd period - Aleksi Saarela wins face-off versus Joey Anderson in Rampage zone.
19:57 of 2nd period - Shot by Brad Hunt.
19:57 of 2nd period - Stopped by Adam Werner with a rebound.
19:59 of 2nd period - Shot by Drake Caggiula.
19:59 of 2nd period - Stopped by Adam Werner without a rebound.
Goals for this period are 1 for Rampage vs 2 for Roadrunners.
Shots for this period are 7 for Rampage vs 17 for Roadrunners.

3rd period


0:01 of 3rd period - Aleksi Saarela wins face-off versus Joey Anderson in neutral zone.
0:07 of 3rd period - Anthony Greco is hit by Josh Brown and loses puck.
0:12 of 3rd period - Shot by Brad Hunt.
0:12 of 3rd period - Stopped by Adam Werner without a rebound.
0:13 of 3rd period - Joey Anderson wins face-off versus Nic Dowd in Rampage zone.
0:13 of 3rd period - Joey Anderson is hit by Gabriel Dumont.
1:00 of 3rd period - Icing by Nicolas Hague.
1:01 of 3rd period - Sam Carrick wins face-off versus Aleksi Saarela in Roadrunners zone.
1:28 of 3rd period - Shot by Aleksi Saarela.
1:28 of 3rd period - Stopped by Adam Werner with a rebound.
1:30 of 3rd period - Shot by Drake Caggiula.
1:30 of 3rd period - Shot Misses the Net.
2:22 of 3rd period - Shot by Joey Anderson.
2:22 of 3rd period - Stopped by Calvin Pickard without a rebound.
2:23 of 3rd period - Michael Sgarbossa wins face-off versus Kevin Roy in Roadrunners zone.
2:40 of 3rd period - Shot by Michael Sgarbossa.
2:40 of 3rd period - Shot Blocked by Mac Hollowell.
2:42 of 3rd period - Shot by Steven Kampfer.
2:42 of 3rd period - Stopped by Calvin Pickard without a rebound.
2:43 of 3rd period - Anthony Greco wins face-off versus Eric Cornel in Roadrunners zone.
2:58 of 3rd period - Shot by Drake Caggiula.
2:58 of 3rd period - Stopped by Adam Werner without a rebound.
2:59 of 3rd period - Matt Martin wins face-off versus Justin Kirkland in Rampage zone.
3:11 of 3rd period - Curtis McKenzie is hit by Mac Hollowell.
3:23 of 3rd period - Shot by Joey Anderson.
3:23 of 3rd period - Shot Misses the Net.
4:18 of 3rd period - Nicolas Hague is hit by Joseph Labate.
4:26 of 3rd period - Shot by Drake Caggiula.
4:26 of 3rd period - Stopped by Adam Werner with a rebound.
4:38 of 3rd period - Shot by Aleksi Saarela.
4:38 of 3rd period - Stopped by Adam Werner without a rebound.
4:39 of 3rd period - Nic Dowd wins face-off versus Eric Cornel in Rampage zone.
4:44 of 3rd period - Shot by Nic Dowd.
4:44 of 3rd period - Stopped by Adam Werner with a rebound.
4:46 of 3rd period - Shot by Scott Wilson.
4:46 of 3rd period - Deflect By Gabriel Dumont.
4:46 of 3rd period - Stopped by Adam Werner without a rebound.
4:47 of 3rd period - Jayson Megna wins face-off versus Nic Dowd in Rampage zone.
5:04 of 3rd period - Shot by Jayson Megna.
5:04 of 3rd period - Deflect By Sam Carrick.
5:04 of 3rd period - Shot Misses the Net.
5:06 of 3rd period - Shot by Jayson Megna.
5:06 of 3rd period - Shot Blocked by Noah Juulsen.
5:27 of 3rd period - Off-side.
5:28 of 3rd period - Aleksi Saarela wins face-off versus Matt Martin in neutral zone.
5:39 of 3rd period - Shot by Aleksi Saarela.
5:39 of 3rd period - Shot Blocked by Robert Hagg.
5:41 of 3rd period - Shot by Aleksi Saarela.
5:41 of 3rd period - Stopped by Adam Werner without a rebound.
5:42 of 3rd period - Michael Sgarbossa wins face-off versus Justin Kirkland in Rampage zone.
5:42 of 3rd period - Michael Sgarbossa is hit by Justin Kirkland.
6:12 of 3rd period - Hudson Fasching is hit by Mac Hollowell and loses puck.
6:51 of 3rd period - Shot by Drake Caggiula.
6:51 of 3rd period - Shot Misses the Net.
6:53 of 3rd period - Shot by Roland McKeown.
6:53 of 3rd period - Shot Misses the Net.
6:55 of 3rd period - Shot by Anthony Greco.
6:55 of 3rd period - Shot Misses the Net.
6:57 of 3rd period - Shot by Roland McKeown.
6:57 of 3rd period - Goal by Roland McKeown - Rampage : 1 - Roadrunners : 6.
6:58 of 3rd period - Nic Dowd wins face-off versus Eric Cornel in neutral zone.
7:12 of 3rd period - Icing by Robert Hagg.
7:13 of 3rd period - Eric Cornel wins face-off versus Morgan Barron in Rampage zone.
7:13 of 3rd period - Eric Cornel is hit by Morgan Barron.
7:24 of 3rd period - Icing by Taylor Fedun.
7:25 of 3rd period - Matt Martin wins face-off versus Morgan Barron in Roadrunners zone.
7:30 of 3rd period - Icing by Noah Juulsen.
7:31 of 3rd period - Matt Martin wins face-off versus Morgan Barron in Roadrunners zone.
7:35 of 3rd period - Minor Penalty to Noah Juulsen for Hooking.
7:36 of 3rd period - Anthony Greco wins face-off versus Matt Martin in Roadrunners zone.
8:08 of 3rd period - Icing by Matt Martin.
8:09 of 3rd period - Matt Martin wins face-off versus Anthony Greco in Rampage zone.
8:09 of 3rd period - Matt Martin is hit by Aleksi Saarela.
8:40 of 3rd period - Shot by Michael Sgarbossa.
8:40 of 3rd period - Stopped by Calvin Pickard without a rebound.
8:41 of 3rd period - Michael Sgarbossa wins face-off versus Anthony Greco in Roadrunners zone.
9:39 of 3rd period - Shot by Jayson Megna.
9:39 of 3rd period - Stopped by Calvin Pickard without a rebound.
9:40 of 3rd period - Sam Carrick wins face-off versus Adam Erne in Roadrunners zone.
9:47 of 3rd period - Shot by Jayson Megna.
9:47 of 3rd period - Stopped by Calvin Pickard without a rebound.
9:48 of 3rd period - Nic Dowd wins face-off versus Matt Martin in Roadrunners zone.
10:11 of 3rd period - Off-side.
10:12 of 3rd period - Sam Carrick wins face-off versus Aleksi Saarela in neutral zone.
10:29 of 3rd period - Shot by Jayson Megna.
10:29 of 3rd period - Stopped by Calvin Pickard without a rebound.
10:30 of 3rd period - Matt Martin wins face-off versus Nic Dowd in Roadrunners zone.
10:34 of 3rd period - Curtis McKenzie is hit by Roland McKeown and loses puck.
11:05 of 3rd period - Roland McKeown is hit by Matt Martin and loses puck.
11:39 of 3rd period - Shot by Joseph Labate.
11:39 of 3rd period - Stopped by Calvin Pickard with a rebound.
11:41 of 3rd period - Shot by Johnny Kovacevic.
11:41 of 3rd period - Stopped by Calvin Pickard with a rebound.
11:43 of 3rd period - Shot by Michael Sgarbossa.
11:43 of 3rd period - Deflect By Hudson Fasching.
11:43 of 3rd period - Stopped by Calvin Pickard without a rebound.
11:44 of 3rd period - Sam Carrick wins face-off versus Aleksi Saarela in Roadrunners zone.
11:45 of 3rd period - Shot by Jayson Megna.
11:45 of 3rd period - Shot Misses the Net.
12:52 of 3rd period - Icing by Josh Brown.
12:53 of 3rd period - Eric Cornel wins face-off versus Morgan Barron in Rampage zone.
13:24 of 3rd period - Shot by Curtis McKenzie.
13:24 of 3rd period - Shot Misses the Net.
13:57 of 3rd period - Shot by Joey Anderson.
13:57 of 3rd period - Stopped by Calvin Pickard with a rebound.
15:05 of 3rd period - Icing by Josh Brown.
15:06 of 3rd period - Michael Sgarbossa wins face-off versus Aleksi Saarela in Rampage zone.
16:26 of 3rd period - Adam Erne is hit by Nick Ritchie and loses puck.
16:49 of 3rd period - Shot by Joey Anderson.
16:49 of 3rd period - Stopped by Calvin Pickard without a rebound.
16:50 of 3rd period - Eric Cornel wins face-off versus Nic Dowd in Roadrunners zone.
16:51 of 3rd period - Shot by Josh Leivo.
16:51 of 3rd period - Shot Blocked by Nic Dowd.
17:37 of 3rd period - Minor Penalty to Matt Martin for Hooking.
17:38 of 3rd period - Joey Anderson wins face-off versus Anthony Greco in Rampage zone.
17:53 of 3rd period - Shot by Nicolas Hague.
17:53 of 3rd period - Shot Misses the Net.
17:59 of 3rd period - Shot by Roland McKeown.
17:59 of 3rd period - Stopped by Adam Werner without a rebound.
18:00 of 3rd period - Joey Anderson wins face-off versus Aleksi Saarela in Rampage zone.
18:06 of 3rd period - Icing by Mac Hollowell.
18:07 of 3rd period - Aleksi Saarela wins face-off versus Joey Anderson in Roadrunners zone.
18:20 of 3rd period - Shot by Brad Hunt.
18:20 of 3rd period - Shot Misses the Net.
18:26 of 3rd period - Shot by Anthony Greco.
18:26 of 3rd period - Shot Misses the Net.
18:28 of 3rd period - Shot by Mac Hollowell.
18:28 of 3rd period - Shot Misses the Net.
18:30 of 3rd period - Shot by Mac Hollowell.
18:30 of 3rd period - Shot Misses the Net.
18:32 of 3rd period - Shot by Anthony Greco.
18:32 of 3rd period - Stopped by Adam Werner without a rebound.
18:33 of 3rd period - Nick Ritchie wins face-off versus Nic Dowd in Rampage zone.
18:54 of 3rd period - Shot by Nic Dowd.
18:54 of 3rd period - Goal by Nic Dowd - Rampage : 1 - Roadrunners : 7.
18:55 of 3rd period - Sam Carrick wins face-off versus Justin Kirkland in neutral zone.
19:04 of 3rd period - Shot by Nick Ritchie.
19:04 of 3rd period - Shot Misses the Net.
19:06 of 3rd period - Shot by Nick Holden.
19:06 of 3rd period - Deflect By Nick Ritchie.
19:06 of 3rd period - Shot Misses the Net.
19:37 of 3rd period - Icing by Taylor Fedun.
19:38 of 3rd period - Matt Martin wins face-off versus Kevin Roy in Roadrunners zone.
19:41 of 3rd period - Shot by Joey Anderson.
19:41 of 3rd period - Shot Blocked by Taylor Fedun.
19:47 of 3rd period - Shot by Curtis McKenzie.
19:47 of 3rd period - Shot Misses the Net.
Goals for this period are 0 for Rampage vs 2 for Roadrunners.
Shots for this period are 11 for Rampage vs 12 for Roadrunners.